 Dungeon Crawl Stone Soup version 0.30-a0-125-g51eefa89be (webtiles) character file.

Game seed: 17673936846559920490

597 zazu2006 the Sneak (level 7, -2/57 HPs)
             Began as a Naga Hedge Wizard on Sept 18, 2022.
             Was an Initiate of Vehumet.
             Constricted to death by Edmund (3 damage)
             ... on level 6 of the Dungeon.
             The game lasted 00:08:44 (4264 turns).

zazu2006 the Sneak (Naga Hedge Wizard)              Turns: 4264, Time: 00:08:44

Health: -2/57      AC:  3    Str: 12    XL:     7   Next: 40%
Magic:  1/14       EV:  7    Int: 16    God:    Vehumet [......]
Gold:   168        SH:  0    Dex: 11    Spells: 10/16 levels left

rFire   . . .      SeeInvis +    o - +2 dagger (venom)
rCold   . . .      Faith    .    (no shield)
rNeg    . . .      Spirit   .    b - +0 robe
rPois   +          Reflect  .    c - +0 hat
rElec   .          Harm     .    (no cloak)
rCorr   .          Rampage  .    (no gloves)
Will    .....                    (no barding)
Stlth   +++.......               t - amulet of regeneration
HPRegen 0.19/turn                s - ring of flight
MPRegen 0.14/turn                (no ring)

@: grasped by roots, flying, very slightly contaminated, constricted, very slow
A: AC +2, large, see invisible, deformed body, poison resistance, slowness 2,
spit poison 1, naga tail 1
a: Spit Poison, Renounce Religion


You were on level 6 of the Dungeon.
You worshipped Vehumet.
Vehumet was noncommittal.
You visited 2 branches of the dungeon, and saw 6 of its levels.

You collected 168 gold pieces.

Inventory:

Hand Weapons
 o - a +2 dagger of venom (weapon)
Armour
 b - a +0 robe (worn)
 c - a +0 hat (worn)
Jewellery
 s - a ring of flight (left hand)
 t - an amulet of regeneration (around neck)
Wands
 p - a wand of flame (13)
Scrolls
 f - a scroll of immolation
 i - a scroll of enchant weapon
 m - 3 scrolls of teleportation
 n - a scroll of butterflies {unknown}
 q - a scroll of enchant armour {unknown}
 r - 2 scrolls of fear
Potions
 a - a potion of berserk rage
 d - 3 potions of magic
 e - a potion of heal wounds {unknown}
 g - a potion of invisibility {unknown}
 h - a potion of brilliance {unknown}
 j - 3 potions of flight {unknown}
 l - 2 potions of lignification {unknown}


   Skills:
 + Level 1.5 Fighting
 + Level 2.5 Dodging
 + Level 5.4 Stealth
 + Level 5.1 Spellcasting
 + Level 3.1 Conjurations
 + Level 1.0 Summonings
 + Level 1.0 Translocations
 + Level 0.4 Air Magic
 * Level 3.7 Poison Magic


You had 10 spell levels left.
You knew the following spells:

 Your Spells              Type           Power      Damage    Failure   Level
a - Magic Dart            Conj           56%        1d5       4%          1
b - Mephitic Cloud        Conj/Pois/Air  11%        N/A       17%         3
c - Blink                 Tloc           14%        N/A       16%         2

Your spell library contained the following spells:

 Spells                   Type           Power      Damage    Failure   Level
 Apportation              Tloc           14%        N/A       10%         1
 Summon Small Mammal      Summ           28%        N/A       10%         1
 Cigotuvi's Dreadful Rot  Necr/Pois/Air  16%        N/A       13%         2
 Necrotise                Necr           16%        1d4       16%         1
 Slow                     Hex            16%        N/A       16%         1
 Call Imp                 Summ           7%         N/A       16%         2


Dungeon Overview and Level Annotations

Branches:
Dungeon (6/15)             Temple (1/1) D:6

Altars:
Ashenzari
Cheibriados
Elyvilon
Gozag
Hepliaklqana
Makhleb
Nemelex Xobeh
Okawaru
Qazlal
Sif Muna
Uskayaw
Vehumet
Yredelemnul
Zin

Shops:
D:6 ((

Annotations:
D:6 Edmund


Innate Abilities, Weirdness & Mutations

Your serpentine skin is tough. (AC +2)
You have supernaturally acute eyesight. (SInv)
Armour fits poorly on your strangely shaped body.
Your system is resistant to poisons. (rPois)
You cover ground very slowly.
You can spit poison.
You have a snake-like lower body.


Message History

You reach down and open the door.
You have got your breath back.
There is an open door here.
Edmund shouts!
Edmund says, "People think my brother is the best.
I think he's crazy."
Edmund zaps a wand.
The roots erupt in riotous growth!
The grasping roots grab you! The grasping roots constrict you.
* * * LOW HITPOINT WARNING * * *
The grasping roots constrict you!
* * * LOW HITPOINT WARNING * * *
You hear a shout!
You hear an angry hiss.
You hear a shout! x2
Something shouts, "Slither away, thou bawdy swag-bellied flim-flammer!"
There is an open door here.
You escape the roots grasp.
Casting: Mephitic Cloud (dangerous; 17% risk of failure)
Confirm with . or Enter, or press ? or * to list all spells.
Aiming: Mephitic Cloud (dangerous; 17% risk of failure)
Press: ? - help, Shift-Dir - straight line, f - Edmund
Aim: Edmund, wielding a +4 flail of protection, wearing a +0 ring mail and carrying a wand of roots (9) (chance to affect: 81%)
You miscast Mephitic Cloud.
You are very lightly contaminated with residual magic.
Nothing appears to happen.
Edmund zaps a wand.
The roots erupt in riotous growth!
The grasping roots grab you! The grasping roots constrict you.
* * * LOW HITPOINT WARNING * * *
You hear an angry hiss.
You hear a shout!
Unknown command.
Unknown command.
Casting: Mephitic Cloud (dangerous; 17% risk of failure)
Confirm with . or Enter, or press ? or * to list all spells.
Aiming: Mephitic Cloud (dangerous; 17% risk of failure)
Press: ? - help, Shift-Dir - straight line, f/p - Edmund
Aim: Edmund, wielding a +4 flail of protection, wearing a +0 ring mail and carrying a wand of roots (8) (chance to affect: 81%)
The ball explodes into a vile cloud!
The stinking cloud engulfs Edmund but does no damage.
Edmund is engulfed in noxious fumes.
Edmund appears confused.
The grasping roots constrict you.
You die...

....(........### ###'#........##.
#######........................#.
#..PPP...................#.
#...∩....................#.
#..P.P.......?...........#
#............<...........#
#######..........................
.........#'#####'#####+###+####..
.........#.@..#.@.# ..
.........#....#...#
....!....'...@☼...#
.......!.#...☼#...#
.........#...##...#
..################# ..


You could see Edmund (confused).

Vanquished Creatures
  A sky beast (D:6)
  A centaur (D:6)
  A phantom (D:6)
  A scorpion (D:6)
  A bullfrog (D:6)
  A howler monkey (D:6)
  An iguana (D:6)
  A hound zombie (D:3)
  4 gnolls
  4 adders
  2 worms
  A dart slug (D:2)
  4 orcs (D:3)
  7 ball pythons
  2 bats (D:2)
  6 endoplasms
  7 giant cockroaches
  7 goblins
  6 hobgoblins
  2 quokkas
  A ball python zombie (D:3)
  8 frilled lizards
  7 kobolds
  5 rats (D:2)
81 creatures vanquished.

Vanquished Creatures (others)
  A plant (D:6)
1 creature vanquished.

Grand Total: 82 creatures vanquished

Notes
Turn   | Place    | Note
-------+----------+-------------------------------------------
     0 | D:1      | zazu2006 the Naga Hedge Wizard began the quest for the Orb.
     0 | D:1      | Reached XP level 1. HP: 15/15 MP: 4/4
   178 | D:1      | Reached XP level 2. HP: 16/22 MP: 0/6
   995 | D:1      | Reached XP level 3. HP: 28/28 MP: 4/8
   999 | D:1      | Learned a level 3 spell: Mephitic Cloud
  1002 | D:1      | Learned a level 2 spell: Blink
  2232 | D:2      | Reached XP level 4. HP: 36/36 MP: 5/10
  2643 | D:3      | Found a snail-covered altar of Cheibriados.
  2646 | D:3      | Found a burning altar of Makhleb.
  2656 | D:3      | Found an iron altar of Okawaru.
  2656 | D:3      | Found a broken altar of Ashenzari.
  2819 | D:3      | Reached skill level 1 in Poison Magic
  2946 | D:3      | Reached XP level 5. HP: 31/42 MP: 7/11
  3725 | D:3      | Found a basalt altar of Yredelemnul.
  3918 | D:4      | You are sucked into a shaft and drop 2 floors!
  3927 | D:6      | Found Xedug's Weapon Boutique.
  3946 | D:6      | Reached XP level 6. HP: 12/50 MP: 12/12
  3985 | D:6      | Reached skill level 1 in Fighting
  4000 | D:6      | Noticed Edmund
  4034 | D:6      | Found a staircase to the Ecumenical Temple.
  4034 | D:6      | Noticed a sky beast
  4044 | D:6      | Killed a sky beast
  4045 | D:6      | Reached skill level 5 in Stealth
  4045 | D:6      | Reached XP level 7. HP: 13/57 MP: 10/14
  4053 | Temple   | Entered the Ecumenical Temple
  4072 | Temple   | Became a worshipper of Vehumet
  4209 | D:6      | Reached skill level 5 in Spellcasting
  4232 | D:6      | Found Cepnykh's Antique Weapon Shop.
  4263 | D:6      | HP: 1/57 [constriction (5)]
  4264 | D:6      | Constricted to death by Edmund

Illustrated notes

Levels and vault maps discovered:
D:1:      wander_arrival_abandoned_jail, layout_loops_ring
D:2:      layout_basic, palyth_stone_intersect
D:3:      layout_basic, minitemple, lemuel_zombie_altar_yredelemnul,
          interstate_on_off
D:4:      layout_rooms, gup_sewer_entry_bowl, chequers_serial_rivers_micro_c,
          hangedman_abyss_or_decor_stagger
D:6:      layout_gridville, fedhas_bush_and_centaur_altar,
          minmay_temple_entry_grid, serial_shops, shop, shop,
          nicolae_shop_overgrown_old_shop, nicolae_shop_bloodbath_and_beyond,
          shop_fountains, pf_guarded_unrand_woodcutter, uniq_maggie,
          uniq_duvessa, uniq_edmund, uniq_crazy_yiuf_cottage, uniq_menkaure
Temple:   compressed_dpeg_triangle_lava_temple

Skill      XL: |  1  2  3  4  5  6  7 |
---------------+----------------------+-----
Spellcasting   | 4 5 |  5.1
Conjurations   | 2 3 |  3.1
Poison Magic   | 1 2 3 |  3.7
Stealth        | 4 5 |  5.4
Dodging        | 2 |  2.5
Fighting       | 1 |  1.5
Summonings     | |  1.0
Translocations | |  1.0
Air Magic      | |  0.4

Action                   |  1- 3 |  4- 6 |  7- 9 || total
-------------------------+-------+-------+-------++-------
Melee: Dagger            |     3 |    88 |    10 ||   101
 Cast: Magic Dart        |    96 |    43 |    15 ||   154
       Blink             |     1 |       |       ||     1
       Mephitic Cloud    |       |     6 |     2 ||     8
 Abil: Spit Poison       |    15 |     4 |     3 ||    22
  Use: Scroll            |       |     5 |       ||     5
 Stab: Confused          |       |     3 |       ||     3
       Sleeping          |       |     3 |       ||     3
Armor: Robe              |     2 |    12 |     1 ||    15
Dodge: Dodged            |    16 |    53 |     9 ||    78

Table legend: (Time is in decaauts)
 A = Elapsed time spent in this place.
 B = Non-inter-level travel time spent in this place.
 C = Inter-level travel time spent in this place.
 D = Time resting spent in this place.
 E = Time spent auto-exploring this place.
 F = Levels seen in this place.
 G = Mean time per level.
                   A        B        C        D        E       F      G
               +--------+--------+--------+--------+--------+-----+--------+
         Total |   5062 |   4970 |     92 |    160 |   3994 |   6 |  843.7 |
       Dungeon |   4910 |   4818 |     92 |     57 |   3994 |   5 |  982.0 |
        Temple |    152 |    152 |      0 |    103 |      0 |   1 |  152.0 |
               +--------+--------+--------+--------+--------+-----+--------+

Top non-repeatable levels by time:
     D:3: 1761 daAuts
     D:1: 1674 daAuts
     D:2: 1178 daAuts
     D:6: 260 daAuts
  Temple: 152 daAuts
     D:4: 36 daAuts
